[Event "GrandPrix_30.05"]
[Site "Chess.com"]
[Date "2020.05.30"]
[Round "6"]
[White "am00ss00"]
[Black "klimkoj"]
[Result "1-0"]
[WhiteElo "2059"]
[BlackElo "2096"]
[TimeControl "600+2"]
[EndTime "10:59:19 PDT"]
[Termination "am00ss00 won by resignation"]

1. e4 c5 2. Nc3 d6 3. g3 g6 4. Bg2 Bg7 5. d3 e6 6. Be3 Nc6 7. Qd2 Nge7 8. f4 O-O 9. Nf3 Nd4 10. O-O Nec6 11. Nh4 b5 12. Rae1 b4 13. Nd1 Rb8 14. f5 Ne5 15. c3 bxc3 16. bxc3 Nb5 17.
f6 Bxf6 18. Bh6 Re8 19. Rxf6 Qxf6 20. Rf1 Qh8 21. Bg5 Nd7 22. Ne3 h6 23. Qf2 Qh7 24. Bxh6 Ne5 25. Bg5 Ba6 26. c4 Nd4 27. Qd2 Qh5 28.
Bf4 Qe2 29. Qa5 Nxd3 30. Bg5 Qh5 31. Bf6 Rb6 32. g4 Qh7 33. Nf3 Nxf3+ 34. Rxf3 Rb1+ 35.
Nf1 Bxc4 36. Qc3 Ne5 37. Rh3 Bxf1 38. Bxf1 Nxg4 39. Rxh7 Kxh7 40. Qh3+ Nh6 41. Bg5 Rh8 42. Bxh6 Kg8 43. Qe3 Rb6 44. Qg5 Kh7 45. Qf4 Kg8 46. Bg5 Rh5 47. Qf6 d5 48. e5 Rb8 49. h4 c4 50. Bh3 Re8 51. Qf3 Rc8 52. Qc3 Rh8 53.
Bf6 Rh5 54. Bg4 Rh7 55. Kf2 Rh6 56. Ke3 Rh7 57. Kd4 g5 58. Bxg5 Kg7 59. Qf3 c3 60. Qf6+ Kg8 61. Bxe6 Rf8 62. Bf5 c2 63. Bxc2 Rg7 64.
Bf5 Rb8 65. e6 fxe6 66. Bxe6+ Kh7 67. Qf5+ Kh8 68. Bf6 1-0

[Event "GrandPrix_30.05"]
[Site "Chess.com"]
[Date "2020.05.30"]
[Round "6"]
[White "Kopytkin"]
[Black "IriBu"]
[Result "0-1"]
[WhiteElo "2062"]
[BlackElo "2207"]
[TimeControl "600+2"]
[EndTime "10:59:21 PDT"]
[Termination "IriBu won on time"]

1. d4 Nf6 2. Bf4 e6 3. e3 b6 4. Nd2 Bb7 5. Ngf3 d6 6. Bd3 g6 7.
Qe2 Bg7 8. e4 h6 9. h3 Nbd7 10.
O-O-O a6 11. g4 Qe7 12. c3 e5 13. Be3 O-O 14. d5 Nc5 15. Bc2 a5 16. Rhg1 Ba6 17. c4 Nfd7 18. h4 Rfb8 19. a4 Bb7 20. b3 Na6 21. Nb1 Ndc5 22. Nc3 Nb4 23. Qd2 Qf8 24.
Rg3 Rd8 25. Rdg1 c6 26. Rd1 cxd5 27. exd5 e4 28. Nd4 Nbd3+ 29. Kb1 Rac8 30. f3 Re8 31.
fxe4 Nb4 32. Rf3 Nxc2 33. Qxc2 Qe7 34. Ndb5 Rcd8 35. Rdf1 Rf8 36. h5 Bc8 37. Rg3 g5 38. Nd4 Qe5 39. Rgg1 Rde8 40. Ndb5 Nxe4 41. Qxe4 Qxe4+ 42.
Nxe4 Rxe4 43. Bxb6 Rxg4 44. Nxd6 Rxg1 45. Bxg1 Bh3 46.
Rd1 Bg4 47. Re1 Bxh5 48. c5 Bg6+ 49. Ka2 Bc3 50. Rc1 Bb4 51. Nb5 f5 52. c6 f4 53. c7 Bf5 54. Nd4 Bc8 55. Nc6 f3 56. Bc5 Bxc5 57. Rxc5 f2 58. Rc1 Bd7 59. Ne7+ Kg7 60. d6 g4 61. c8=Q Bxc8 62. Nxc8 f1=Q 63. Rxf1 Rxf1 64. b4 g3 65. Ne7 g2 66. d7 Rd1 67.
Nf5+ Kf6 68. Ne3 Rd2+ 0-1

[Event "GrandPrix_30.05"]
[Site "Chess.com"]
[Date "2020.05.30"]
[Round "6"]
[White "hypert"]
[Black "grzechu96"]
[Result "0-1"]
[WhiteElo "2154"]
[BlackElo "2389"]
[TimeControl "600+2"]
[EndTime "10:59:32 PDT"]
[Termination "grzechu96 won by resignation"]

1. e4 c5 2. Nf3 d6 3. Bb5+ Nd7 4.
O-O a6 5. Bxd7+ Bxd7 6. Re1 Nf6 7. e5 dxe5 8. Nxe5 e6 9. d3 Bd6 10. Bf4 Qc7 11. a4 O-O 12. a5 Nd5 13. Bg3 f6 14. Nxd7 Qxd7 15. Bxd6 Qxd6 16. Nd2 e5 17. Nc4 Qc6 18. Qf3 Rad8 19. h4 Nb4 20. Qxc6 Nxc6 21. Rad1 Rd4 22. g3 Rfd8 23. f3 Kf7 24. Kf2 h5 25.
Re4 Nb4 26. Rd2 Ke6 27. Rde2 Nc6 28. f4 Rxe4 29. Rxe4 Rd4 30. Re3 Kf5 31. fxe5 Nxe5 32. Nxe5 fxe5 33. b3 e4 34. dxe4+ Rxe4 35. Rc3 Re5 36.
Kf3 Rd5 37. Rc4 g6 38. Ke3 Ke5 39. Rf4 Ke6 40. Rf8 c4 41. b4 Rb5 42. c3 Rd5 43.
Re8+ Kd7 44. Rg8 Rd3+ 45. Kf4 Rxc3 46. Rxg6 Rb3 47. Ke4 Rxb4 48. Kd4 Rb5 49. Kxc4 Rxa5 50. Kb4 Rf5 51. Rg7+ Kc6 52. Rg6+ Kc7 53. Rg7+ Kb6 54. Rg6+ Ka7 55. Rg5 Rf3 56. Rg7 Re3 57. Ka5 Re5+ 58.
Kb4 a5+ 59. Ka4 Ka6 60. Rg5 Re4+ 61. Kb3 a4+ 62. Ka3 b5 63. Rxh5 Re3+ 64. Kb4 Rb3+ 65.
Kc5 Ka5 66. Rh8 Rc3+ 67. Kd4 Rxg3 68. h5 Kb4 69. h6 a3 70. h7 Rh3 71. Kd5 Rh4 72. Kc6 Rh5 73. Kb6 Rh6+ 74. Kc7 a2 75. Ra8 Rxh7+ 76. Kb6 Rh6+ 77. Kc7 Kb3 0-1

[Event "GrandPrix_30.05"]
[Site "Chess.com"]
[Date "2020.05.30"]
[Round "6"]
[White "kirillshevchenko"]
[Black "Guenplen"]
[Result "0-1"]
[WhiteElo "2664"]
[BlackElo "2601"]
[TimeControl "600+2"]
[EndTime "10:59:47 PDT"]
[Termination "Guenplen won by resignation"]

1. e4 c5 2. Nf3 e6 3. d4 cxd4 4. Nxd4 Nf6 5. Nc3 Nc6 6. Nxc6 bxc6 7. e5 Nd5 8. Ne4 Bb7 9. Be2 c5 10. O-O Qc7 11. Nd6+ Bxd6 12. exd6 Qc6 13. f3 c4 14. Qd4 O-O 15. Bxc4 Qxd6 16. b3 Rfc8 17. Bb2 Qb6 18. Qxb6 Nxb6 19. Bd3 a5 20. Rfc1 d5 21. f4 Nd7 22. Bb5 Nc5 23. Bd4 f6 24. Re1 Kf7 25. c4 dxc4 26. Bxc4 Bd5 27. Bxc5 Bxc4 28. Be3 Bd5 29. Rac1 Rxc1 30. Rxc1 a4 31. Rc7+ Kg6 32. Ra7 Rc8 33. Rxa4 Rc2 34. g3 Kf5 35. Rd4 Rxa2 36.
b4 Kg4 37. Rd2 Ra1+ 38. Kf2 Rh1 39. Ke2 Rxh2+ 40. Bf2 Rh1 41. Be1 h5 42. Kf2 Rh2+ 43. Ke3 Rh1 44. Bf2 Rb1 45. Rd4 Rb3+ 46. Ke2 Bf3+ 47. Kf1 Rb1+ 48. Be1 Bd5 49. Kf2 Kf5 50. Bd2 Rb3 51. Be3 Rb2+ 52. Bd2 Rb3 53. Be1 Be4 54. Ke2 g6 55. Kf2 e5 56. fxe5 Kxe5 57. Rd8 Kf5 58. Ke2 g5 59. Rd4 Ke5 60. Rd8 Bf3+ 61.
Kf2 Bg4 62. Re8+ Kf5 63. Rd8 Rf3+ 64. Kg2 Rb3 65. Kf2 h4 66. gxh4 gxh4 67. Rh8 h3 68. Kf1 Rb2 69. Bg3 Ke4 70. Bd6 Kf3 71. Ke1 Kg2 72.
Rf8 Rb1+ 73. Kd2 Rd1+ 0-1

[Event "GrandPrix_30.05"]
[Site "Chess.com"]
[Date "2020.05.30"]
[Round "6"]
[White "MiroVlasenko"]
[Black "SpasKozhuharov"]
[Result "1/2-1/2"]
[WhiteElo "2292"]
[BlackElo "2172"]
[TimeControl "600+2"]
[EndTime "11:00:08 PDT"]
[Termination "Game drawn by repetition"]

1. e4 c6 2. Nc3 d5 3. Qe2 d4 4. Nd1 e5 5. g3 h5 6. Nf3 Bd6 7. Bg2 c5 8. d3 Nc6 9. O-O Nge7 10. Nh4 Be6 11. f4 f6 12. b3 Qd7 13. f5 Bf7 14. a4 b6 15. Nb2 a6 16. Bd2 O-O-O 17. Nc4 Bc7 18. Ra2 Kb7 19. Rfa1 b5 20. axb5 axb5 21. Na5+ Bxa5 22. Bxa5 Ra8 23. Bd2 Rxa2 24. Rxa2 Ra8 25. Rxa8 Kxa8 26. Bf3 Qe8 27. h3 Kb7 28. g4 hxg4 29. hxg4 Qa8 30. g5 Qa2 31. Qd1 Nc8 32. g6 Bg8 33. Be2 Nd6 34. Bf3 c4 35. bxc4 bxc4 36.
dxc4 Nxc4 37. Bc1 Qb1 38. Ng2 Nb4 39. Ne1 Kb6 40. Be2 Na2 41. Nd3 Nc3 42. Qf1 Qxc2 43.
Bf3 Kb5 44. Ba3 Nd2 45. Ne1+ Nxf1 46. Nxc2 Nd2 47. Bg2 Ndxe4 48. Bf8 d3 49. Ne3 d2 50.
Bxg7 Nd6 51. Bf3 Ne8 52. Bf8 e4 53. Bh5 Nd5 54. Nxd5 Bxd5 55. Bh6 Nd6 56. Bxd2 Nxf5 57. Bg4 Ne7 58. Bh5 Kc4 59. Kf2 Kd3 60. Bf4 Nf5 61. Be2+ Kd4 62. Bg4 e3+ 63. Ke2 Ke4 64. Bf3+ Kxf4 65.
Bxd5 Ng3+ 66. Kd3 Nh5 67. Ke2 f5 68. Bf3 Ng7 69. Bd5 Ke5 70. Bb7 f4 71. Bc8 Nh5 72. Ba6 Ng3+ 73. Kf3 Nf5 74. Bd3 Nd4+ 75. Kg2 f3+ 76.
Kg3 Kf6 77. Be4 f2 78. Bd3 Nc6 79. Be2 Nd4 80. Bd3 Kg7 81. Kg2 Kf6 82. Kg3 1/2-1/2

[Event "GrandPrix_30.05"]
[Site "Chess.com"]
[Date "2020.05.30"]
[Round "6"]
[White "PavelShkapenko"]
[Black "Nuvas"]
[Result "1-0"]
[WhiteElo "2425"]
[BlackElo "2253"]
[TimeControl "600+2"]
[EndTime "11:00:30 PDT"]
[Termination "PavelShkapenko won by resignation"]

1. e4 c5 2. c3 Nf6 3. e5 Nd5 4. d4 cxd4 5. cxd4 d6 6. Nf3 Nc6 7. Bc4 dxe5 8. Nxe5 Be6 9. O-O g6 10. Qa4 Qd6 11. Bb5 Bd7 12. Nxd7 Qxd7 13. Nc3 Bg7 14. Bg5 h6 15. Bh4 g5 16. Bg3 O-O 17. Rac1 Nb6 18.
Qa3 Qxd4 19. Bxc6 bxc6 20. Qxe7 Rfe8 21. Qb7 Nc4 22. Qxc6 Rac8 23. Qb7 Qb6 24. Qxb6 axb6 25.
Nd5 Bxb2 26. Rb1 Be5 27. Bxe5 Rxe5 28. Nxb6 Nxb6 29. Rxb6 Rc2 30. Rxh6 Rxa2 31. Rf6 Kg7 32. Rf3 Re6 33. g3 Rf6 34. Rxf6 Kxf6 35. Kg2 Kg6 36. Rb1 f6 37. Rb6 Ra4 38. Rb3 Rc4 39. h3 Ra4 40. Kf3 Rc4 41. Re3 Ra4 42. Re4 Ra3+ 43. Kg2 Kf5 44. Rb4 Kg6 45. h4 gxh4 46. Rxh4 Rc3 47. Rf4 Ra3 48. Rf3 Ra4 49. Rf4 Ra3 50. Kh3 Ra5 51. Rc4 Rh5+ 52. Rh4 Ra5 53. Rb4 Rh5+ 54. Kg4 Rg5+ 55. Kf3 Ra5 56. Ke3 Ra3+ 57. Kf4 Ra2 58. f3 Ra3 59. g4 Rc3 60. Rb6 Rc4+ 61. Kg3 Rc3 62. Ra6 Rb3 63. Rc6 Ra3 64. Rc5 Rb3 65. Rc8 Ra3 66. Rg8+ Kf7 67. Rh8 Kg7 68. Rh5 Kg6 69.
Rc5 Rb3 70. Rc4 Ra3 71. Kf4 Rb3 72. Rd4 Ra3 73. Kg3 Rb3 74. Rd1 Ra3 75. Rf1 Rb3 76.
Kh4 Ra3 77. f4 Ra2 78. Rc1 Rh2+ 79. Kg3 Ra2 80. Rc6 Ra3+ 81. Kh4 Ra1 82. g5 Rh1+ 83.
Kg3 Kf5 84. Rxf6+ Ke4 85. Kg2 Re1 1-0

[Event "GrandPrix_30.05"]
[Site "Chess.com"]
[Date "2020.05.30"]
[Round "6"]
[White "VojtechPlat"]
[Black "Spartakus1975"]
[Result "1/2-1/2"]
[WhiteElo "2296"]
[BlackElo "2471"]
[TimeControl "600+2"]
[EndTime "11:01:56 PDT"]
[Termination "Game drawn - insufficient material"]

1. e4 e6 2. Qe2 Nc6 3. Nf3 e5 4. b3 g6 5. Bb2 Bg7 6. h3 Nge7 7. Nc3 O-O 8. O-O-O d5 9. exd5 Nxd5 10. Nxd5 Qxd5 11. Qb5 Be6 12. Ng5 Qxb5 13. Bxb5 Bd5 14. f3 a6 15. Be2 f5 16. c4 Bf7 17. g4 Rad8 18. gxf5 gxf5 19.
Rhg1 Kh8 20. f4 Nd4 21. Nxf7+ Rxf7 22. Bh5 Rfd7 23. fxe5 Bxe5 24. Rde1 Bg7 25. c5 a5 26.
Kb1 Nc6 27. Be8 Bxb2 28. Bxd7 Bd4 29. Rg5 h6 30. Bxc6 hxg5 31. Bxb7 Bxc5 32. Re5 Bb4 33. Rxf5 Rxd2 34. Rxg5 Kh7 35. Be4+ Kh6 36. Rg6+ Kh5 37.
Rc6 Ba3 38. Bc2 Rh2 39. Bd1+ Kh4 40. Rxc7 Rb2+ 41. Ka1 Rd2 42. Bg4 Bd6 43. Rd7 Be5+ 44. Kb1 Rb2+ 45. Kc1 Rxa2 46. Rd5 Bg7 47. Bd7 Bc3 48.
Rd3 Bb4 49. Rd4+ Kg3 50. Rg4+ Kf3 51. Bc6+ Ke3 52. h4 Ba3+ 53. Kb1 Rb2+ 54. Ka1 Rh2 55. Bg2 Kf2 56. Bd5 Ke3 57. Bg2 Kf2 58. Bd5 Be7 59. Rf4+ Kg3 60. Rf3+ Kg4 61. Rd3 Bxh4 62. Bc4 Bf6+ 63.
Kb1 Kf4 64. Rd5 Bc3 65. Kc1 Ke4 66. Rd8 Bb2+ 67. Kd1 Bd4 68. Re8+ Be5 69. Rd8 Bf4 70. Re8+ Kd4 71. Rd8+ Kc3 72. Rd3+ Kb4 73. Bd5 Be5 74. Be6 Bc3 75. Bd5 Bf6 76. Be6 Bg7 77. Bd5 Bc3 78.
Be6 Rh1+ 79. Kc2 Rh2+ 80. Kd1 Bb2 81. Bd5 Kc5 82. Be6 Bd4 83. Bf7 Rf2 84. Bg8 Rf6 85. Rd2 Rg6 86. Bf7 Rg7 87. Be6 Bc3 88. Re2 Kd4 89.
Kc2 Rc7 90. Kb1 Kd3 91. Rc2 Rb7 92. Bc4+ Kd4 93. Rh2 a4 94. Rh4+ Kc5 95. Ka2 Bd4 96. Rh5+ Kb4 97. Rh4 axb3+ 98. Bxb3 Ra7+ 99. Kb1 Kxb3 100. Rxd4 Rc7 101. Rd3+ Rc3 102. Rxc3+ Kxc3 1/2-1/2

[Event "GrandPrix_30.05"]
[Site "Chess.com"]
[Date "2020.05.30"]
[Round "6"]
[White "Chessbuster123"]
[Black "woodhy"]
[Result "0-1"]
[WhiteElo "1938"]
[BlackElo "2189"]
[TimeControl "600+2"]
[EndTime "11:02:44 PDT"]
[Termination "woodhy won by checkmate"]

1. d4 Nf6 2. c4 e6 3. Nc3 Bb4 4. e3 b6 5. Bd3 Bb7 6. f3 O-O 7.
Ne2 c5 8. O-O cxd4 9. Nxd4 Nc6 10. Nxc6 Bxc6 11. e4 h6 12. e5 Ne8 13. Bc2 f5 14. exf6 Nxf6 15. Qd3 Rc8 16. Bxh6 Qe8 17. Bf4 Qh5 18. Bd6 Bc5+ 19. Kh1 Bxd6 20. Qxd6 Bb7 21.
b3 Rc6 22. Qd4 Rc5 23. Ne4 Bxe4 24. Bxe4 Qh4 25. g3 Qh3 26. Rf2 Nh5 27. Rg1 Rg5 28. Rfg2 Nf6 29. f4 Rh5 30. Bf3 Rh6 31. Rd2 Kf7 32. Qf2 Ke7 33. Qg2 Qf5 34. Qe2 Rfh8 35. Rg2 g5 36. Qe5 Qb1+ 37. Rd1 Qh7 38. Rdd2 Qb1+ 39.
Rg1 Qh7 40. Rgg2 g4 41. Bd1 Rh5 42. Qd6+ Kf7 43. Bc2 Qh6 44. Qd4 Qf8 45. Qd6 Qxd6 46. Rxd6 Ke7 47. Rdd2 b5 48. cxb5 Rxb5 49. Rge2 Ra5 50. a4 Nh5 51. Kg2 Ra6 52. f5 Rb6 53.
fxe6 dxe6 54. Re3 Nf6 55. Bd1 Kf7 56. Rf2 Kg7 57. Rf4 Rd8 58. Bxg4 Rd2+ 59. Be2 Nd5 60.
Rg4+ Kf6 61. Rf3+ Ke7 62. Re4 Nf6 63. Re5 Nd7 64. Ree3 Rc6 65. Rf2 Rcc2 66. Re4 Nf6 67. Re3 Ng4 68. Bxg4 Rxf2+ 69. Kg1 Rg2+ 70. Kf1 Rxh2 71.
Rxe6+ Kf7 72. Kg1 Rhg2+ 73. Kf1 Rxg3 74. Re4 Kf6 75. Be2 Rxb3 76. Rd4 Rb1+ 77. Kf2 Rbb2 78.
Re4 Ra2 79. Kf3 a5 80. Bb5 Ra3+ 81. Kf4 Rf2+ 82. Kg4 Rf5 83. Rf4 Rxf4+ 84. Kxf4 Ke6 85.
Ke4 Kd6 86. Kd4 Ra1 87. Kc4 Rc1+ 88. Kd4 Rc2 89. Kd3 Rc1 90. Kd4 Rc7 91. Bc4 Rh7 92.
Bb5 Rh4+ 93. Kd3 Kc5 94. Kc3 Rb4 95. Be8 Re4 96. Bb5 Re3+ 97. Kd2 Kd4 98. Kc2 Re5 99. Kd2 Re4 100. Kc2 Rh4 101. Kb3 Rh2 102. Be8 Rf2 103. Bc6 Kc5 104. Bb5 Rf3+ 105. Kc2 Kd4 106. Bd7 Rc3+ 107. Kb2 Kc4 108. Bb5+ Kb4 109. Bd7 Rd3 110. Bb5 Rd2+ 111. Kc1 Kc3 112. Be8 Re2 113. Bh5 Re1+ 114. Bd1 Rg1 115. Kb1 Rxd1+ 116. Ka2 Re1 117. Ka3 Ra1# 0-1

[Event "GrandPrix_30.05"]
[Site "Chess.com"]
[Date "2020.05.30"]
[Round "7"]
[White "NikolaGry"]
[Black "PavelShkapenko"]
[Result "1/2-1/2"]
[WhiteElo "2207"]
[BlackElo "2405"]
[TimeControl "600+2"]
[EndTime "11:07:56 PDT"]
[Termination "Game drawn by agreement"]

1. b3 e5 2. Bb2 Nc6 3. c4 Nf6 4. e3 d5 5. cxd5 Nxd5 6. a3 Be7 7. d3 O-O 8. Nf3 f6 9. Be2 Be6 10. O-O Na5 11. b4 Nc6 12. Nbd2 a6 1/2-1/2

[Event "GrandPrix_30.05"]
[Site "Chess.com"]
[Date "2020.05.30"]
[Round "7"]
[White "RovenVogel"]
[Black "FCLitras"]
[Result "1/2-1/2"]
[WhiteElo "2429"]
[BlackElo "2236"]
[TimeControl "600+2"]
[EndTime "11:09:39 PDT"]
[Termination "Game drawn by agreement"]

1. d4 Nf6 2. c4 e6 3. Nf3 b6 4. Bf4 Bb7 5. Nbd2 Be7 6. e3 O-O 7. h3 d6 8. Be2 c5 9. O-O cxd4 10. exd4 d5 11. Rc1 dxc4 12. Nxc4 1/2-1/2

[Event "GrandPrix_30.05"]
[Site "Chess.com"]
[Date "2020.05.30"]
[Round "7"]
[White "Cocolino12"]
[Black "Dolphin_2010"]
[Result "1-0"]
[WhiteElo "2210"]
[BlackElo "2058"]
[TimeControl "600+2"]
[EndTime "11:11:43 PDT"]
[Termination "Cocolino12 won by resignation"]

1. e4 c6 2. d4 d5 3. exd5 cxd5 4.
c4 Nf6 5. Nc3 g6 6. Qb3 Bg7 7.
cxd5 O-O 8. Be2 Na6 9. Bf3 Nc7 10. Bf4 Bg4 11. Bxg4 Nxg4 12. Nf3 b6 13. O-O Nf6 14.
Bxc7 Qxc7 15. Ne5 Rad8 16. Rfe1 Rfe8 17. Nxf7 Ng4 18. Nh6+ Nxh6 19. d6+ Qc4 20. Qxc4+ e6 21. d5 e5 22. Ne4 Nf5 23. Qc7 1-0

[Event "GrandPrix_30.05"]
[Site "Chess.com"]
[Date "2020.05.30"]
[Round "7"]
[White "Kezin_Roman"]
[Black "ploky25"]
[Result "1-0"]
[WhiteElo "2434"]
[BlackElo "2225"]
[TimeControl "600+2"]
[EndTime "11:12:49 PDT"]
[Termination "Kezin_Roman won by resignation"]

1. d4 Nf6 2. c4 e6 3. g3 Bb4+ 4. Nd2 d5 5. Bg2 O-O 6. a3 Be7 7. Ngf3 b6 8. cxd5 exd5 9. O-O Bb7 10. Nb1 Na6 11. Nc3 c5 12. Bf4 Re8 13. Rc1 h6 14. Qb3 Ne4 15. Rfd1 c4 16. Qa4 Nxc3 17. Rxc3 Nc7 18. Ne5 b5 19. Qc2 Ne6 20. Be3 b4 21. axb4 Bxb4 22. Rxc4 dxc4 23. Bxb7 Rb8 24. Bg2 Qd6 25.
Nxc4 Qc7 26. d5 Nc5 27. Bf4 1-0

[Event "GrandPrix_30.05"]
[Site "Chess.com"]
[Date "2020.05.30"]
[Round "7"]
[White "DenLaz"]
[Black "MirMan90"]
[Result "1-0"]
[WhiteElo "2576"]
[BlackElo "2292"]
[TimeControl "600+2"]
[EndTime "11:13:55 PDT"]
[Termination "DenLaz won by resignation"]

1. d4 Nf6 2. c4 g6 3. g3 c5 4.
d5 d6 5. Bg2 b5 6. cxb5 a6 7.
bxa6 Bg7 8. Nc3 O-O 9. Nf3 Nbd7 10.
Rb1 Qa5 11. O-O Nb6 12. Bd2 Qxa6 13. Nh4 Bb7 14. e4 Nc4 15. Re1 Nxd2 16. Qxd2 Nd7 17. f4 Qc4 18. Nf3 Bxc3 19. bxc3 Rxa2 20. Rb2 Rfa8 21. Bf1 Qa4 22. Bb5 Qxb5 23. Rxb5 Rxd2 24.
Nxd2 Bc8 25. e5 Ra2 26. exd6 exd6 27. Re8+ Kg7 28. Rxc8 Rxd2 29. Rb7 Nf6 30. Rcc7 Nxd5 31. Rxf7+ Kg8 32. Rfd7 1-0

[Event "GrandPrix_30.05"]
[Site "Chess.com"]
[Date "2020.05.30"]
[Round "7"]
[White "hubertsmazak"]
[Black "AlexVanGog"]
[Result "0-1"]
[WhiteElo "2252"]
[BlackElo "2469"]
[TimeControl "600+2"]
[EndTime "11:14:21 PDT"]
[Termination "AlexVanGog won by resignation"]

1. d4 Nf6 2. c4 g6 3. Nc3 d5 4. cxd5 Nxd5 5. e4 Nxc3 6. bxc3 Bg7 7. Bc4 O-O 8. Ne2 c5 9. O-O Qc7 10. d5 Nd7 11. f4 Nb6 12. Qd3 Nxc4 13. Qxc4 e6 14. Be3 b6 15. e5 exd5 16. Qxd5 Bb7 17. Qc4 Qc6 18. Rf2 Rad8 19. Ng3 Rd7 20. Raf1 Rfd8 21.
f5 Bxe5 22. fxg6 hxg6 23. Qg4 Bg7 24. h4 Re8 25. Bg5 Bxc3 26. h5 Bd4 27. Nh1 gxh5 28. Qg3 Qg6 29. Kh2 Bxf2 30. Nxf2 Re2 31. Qf4 Kh7 0-1

[Event "GrandPrix_30.05"]
[Site "Chess.com"]
[Date "2020.05.30"]
[Round "7"]
[White "vagpat"]
[Black "KacperKacprzak"]
[Result "1-0"]
[WhiteElo "2205"]
[BlackElo "2056"]
[TimeControl "600+2"]
[EndTime "11:14:55 PDT"]
[Termination "vagpat won by resignation"]

1. e4 c5 2. Nf3 Nc6 3. d4 cxd4 4.
Nxd4 Nf6 5. Nc3 e5 6. Ndb5 d6 7. Bg5 a6 8. Na3 b5 9. Bxf6 gxf6 10. Nd5 f5 11. Bxb5 axb5 12. Nxb5 Ra4 13. b4 Bg7 14. c3 Ra6 15. Nbc7+ Kf8 16. b5 Ra7 17. bxc6 Rxc7 18.
Nxc7 Qxc7 19. Qa4 fxe4 20. Qxe4 Be6 21. O-O d5 22. Qb4+ Ke8 23. Qa4 Ke7 24. Rab1 Rb8 25.
Qa3+ Kf6 26. Rxb8 Qxb8 27. Qc5 Bf8 28. c7 Qc8 29. Qc6 Qd7 30. Qxd7 Bxd7 31. Rb1 Bd6 32. Rb8 Bxc7 33. Rb7 Bd6 34. Rxd7 Ke6 35. Rb7 d4 36. cxd4 exd4 37. Kf1 d3 38. Ke1 Bf4 39. g3 d2+ 40. Ke2 Bh6 41. Rb6+ 1-0

[Event "GrandPrix_30.05"]
[Site "Chess.com"]
[Date "2020.05.30"]
[Round "7"]
[White "TimofeevAr"]
[Black "jacky72"]
[Result "1-0"]
[WhiteElo "2620"]
[BlackElo "2361"]
[TimeControl "600+2"]
[EndTime "11:14:59 PDT"]
[Termination "TimofeevAr won by resignation"]

1. c4 Nf6 2. Nc3 g6 3. e3 Bg7 4. Be2 O-O 5. h4 h6 6. g4 d5 7. g5 Ne4 8. gxh6 Bxh6 9. cxd5 Bf5 10. d3 Nxc3 11. bxc3 Bg7 12. e4 Bxc3+ 13. Bd2 Bxa1 14. Qxa1 Bc8 15. h5 e5 16. Qxe5 Qd6 17. Qc3 gxh5 18. Nf3 Bg4 19. Ne5 Bxe2 20. Rg1+ Kh7 21. Nc4 Qg6 22. Rxg6 fxg6 23. Kxe2 Nd7 24. Na5 Rac8 25. Nxb7 h4 26. Nc5 Nxc5 27. Qxc5 Rf7 28. Bg5 h3 29.
Qe3 h2 30. Qh3+ Kg8 31. Qxc8+ Kg7 32. Qh3 h1=Q 33. Qxh1 Rf8 34. Bh6+ Kf7 35. Bxf8 Kxf8 36. Qh2 1-0

[Event "GrandPrix_30.05"]
[Site "Chess.com"]
[Date "2020.05.30"]
[Round "7"]
[White "Zubrrr"]
[Black "nikosgal"]
[Result "1/2-1/2"]
[WhiteElo "2516"]
[BlackElo "2303"]
[TimeControl "600+2"]
[EndTime "11:16:11 PDT"]
[Termination "Game drawn by agreement"]

1. c4 c5 2. g3 Nc6 3. Bg2 g6 4. Nc3 Bg7 5. Nf3 e5 6. O-O Nge7 7. Ne1 O-O 8. Nc2 d6 9. d3 a6 10. a3 Rb8 11. b4 Nd4 12. Ne3 b5 13. Rb1 Be6 14.
Ned5 Nxd5 15. Nxd5 Qd7 16. e3 Nc6 17. Bd2 Rfc8 18.
Qe2 Ne7 19. Nxe7+ Qxe7 20. Rfc1 1/2-1/2

[Event "GrandPrix_30.05"]
[Site "Chess.com"]
[Date "2020.05.30"]
[Round "7"]
[White "Nikame"]
[Black "chansen64"]
[Result "0-1"]
[WhiteElo "2214"]
[BlackElo "2132"]
[TimeControl "600+2"]
[EndTime "11:16:14 PDT"]
[Termination "chansen64 won by resignation"]

1. d4 Nf6 2. Bg5 d5 3. Nd2 Bf5 4. Bxf6 exf6 5. e3 Nd7 6. g3 c6 7.
Bg2 Bd6 8. Ne2 O-O 9. O-O Re8 10. c4 dxc4 11. Nxc4 Bf8 12. Nc3 Nb6 13. Na5 Qd7 14. Re1 Bb4 15. Nb3 Rad8 16. Rc1 Be6 17. Ne4 Bxb3 18.
Qxb3 Bxe1 19. Nc5 Qe7 20. Rxe1 Rxd4 21. Qa3 Rd2 22. b4 a6 23. Qa5 Nc4 24. Qa4 Red8 25. Qb3 Ne5 26. h3 Nd3 27. Rf1 Nxc5 28. bxc5 g6 29.
Rb1 R8d7 30. Qb2 Rxb2 0-1

[Event "GrandPrix_30.05"]
[Site "Chess.com"]
[Date "2020.05.30"]
[Round "7"]
[White "dzhumagaliev"]
[Black "vpantev"]
[Result "1-0"]
[WhiteElo "2285"]
[BlackElo "2470"]
[TimeControl "600+2"]
[EndTime "11:17:16 PDT"]
[Termination "dzhumagaliev won by resignation"]

1. Nf3 Nf6 2. h4 d5 3. h5 h6 4. d4 c6 5. c4 Bf5 6. Nc3 e6 7. Qb3 Qb6 8. c5 Qxb3 9. axb3 Na6 10.
Bf4 Nd7 11. e4 dxe4 12. Bxa6 bxa6 13. Ne5 Nxe5 14. Bxe5 f6 15. Bf4 e5 16. Be3 exd4 17.
Bxd4 O-O-O 18. Be3 Kb7 19. Ra4 Be7 20. O-O Bc8 21.
Nxe4 Rhe8 22. Bf4 f5 23. Rb4+ 1-0

[Event "GrandPrix_30.05"]
[Site "Chess.com"]
[Date "2020.05.30"]
[Round "7"]
[White "Saqo007"]
[Black "BogdanBelyakov89"]
[Result "0-1"]
[WhiteElo "2124"]
[BlackElo "2253"]
[TimeControl "600+2"]
[EndTime "11:17:25 PDT"]
[Termination "BogdanBelyakov89 won by resignation"]

1. d4 Nf6 2. c4 g6 3. Nc3 Bg7 4. Nf3 O-O 5. Bf4 c5 6. d5 d6 7. h3 e5 8. dxe6 Bxe6 9. Bxd6 Re8 10. Bxc5 Qa5 11. b4 Qd8 12. Qxd8 Rxd8 13. Rd1 Na6 14.
Rxd8+ Rxd8 15. e3 Nxc5 16. bxc5 Nd7 17. Na4 Nxc5 18. Nxc5 Bc3+ 19. Nd2 Bxd2+ 20. Ke2 Bxc4+ 21. Kf3 Bxa2 22. Be2 Bd5+ 23. Kg3 Bb4 24. Nd3 Bd6+ 25. f4 a5 26. Rd1 a4 27. Nb2 a3 28. Rxd5 Bxf4+ 0-1

[Event "GrandPrix_30.05"]
[Site "Chess.com"]
[Date "2020.05.30"]
[Round "7"]
[White "Hakob-Hakobyan-Arm"]
[Black "BakaPG"]
[Result "1-0"]
[WhiteElo "2190"]
[BlackElo "2261"]
[TimeControl "600+2"]
[EndTime "11:17:35 PDT"]
[Termination "Hakob-Hakobyan-Arm won by resignation"]

1. Nf3 d5 2. g3 Bg4 3. Bg2 Nd7 4. c4 e6 5. O-O Ngf6 6. d3 Be7 7. cxd5 exd5 8.
Qb3 Nc5 9. Qc2 O-O 10. b4 Ne6 11. a3 Bxf3 12. exf3 a5 13. b5 Bc5 14. Bb2 Bb6 15. f4 Re8 16. Nd2 a4 17. Nf3 Nd7 18. Rfe1 Ndc5 19.
f5 Nf8 20. Rxe8 Qxe8 21. Re1 Qxb5 22. Qc3 f6 23. Re7 Qc6 24. Ng5 Qd6 25. Bxd5+ Qxd5 26. Rxg7+ Kh8 27. Qxf6 1-0

[Event "GrandPrix_30.05"]
[Site "Chess.com"]
[Date "2020.05.30"]
[Round "7"]
[White "KruHor"]
[Black "Supernotar"]
[Result "0-1"]
[WhiteElo "2394"]
[BlackElo "2251"]
[TimeControl "600+2"]
[EndTime "11:19:01 PDT"]
[Termination "Supernotar won by resignation"]

1. d4 d5 2. c4 dxc4 3. Nf3 Nf6 4. Nc3 a6 5. e4 b5 6. e5 Nd5 7. a4 Nxc3 8. bxc3 Qd5 9. g3 Bb7 10. Bg2 Qd7 11. Ba3 g6 12. O-O Bg7 13. Re1 O-O 14. Ng5 Bxg2 15. Kxg2 Nc6 16. Qf3 b4 17. Bxb4 Nxb4 18.
cxb4 Qxd4 19. Rad1 Qb2 20. Nxf7 Qxb4 21. Rb1 Qxa4 22. Rb7 Rxf7 0-1

[Event "GrandPrix_30.05"]
[Site "Chess.com"]
[Date "2020.05.30"]
[Round "7"]
[White "klimkoj"]
[Black "StephenDedalus83"]
[Result "1-0"]
[WhiteElo "2105"]
[BlackElo "2030"]
[TimeControl "600+2"]
[EndTime "11:19:10 PDT"]
[Termination "klimkoj won by resignation"]

1. e4 c5 2. Nf3 Nc6 3. d4 cxd4 4.
Nxd4 Qc7 5. Nc3 e6 6. Nb3 Nf6 7. Bd3 a6 8. O-O b5 9. Be3 Bb7 10. f4 d6 11. Qe2 Be7 12. Rae1 O-O 13. Qf3 Nb4 14. Qh3 Nxd3 15. cxd3 b4 16. Na4 Nd7 17.
Rc1 Qb8 18. Nd4 Rc8 19. Nxe6 Bc6 20. b3 fxe6 21. Qxe6+ Kf8 22. Rxc6 Rxc6 23. Qxd7 Qc7 24. Qf5+ Kg8 25. Nb6 Re8 26. Nc4 Bf8 27. Qd5+ Kh8 28.
Bd4 a5 29. f5 Rc5 30. Bxc5 dxc5 31. e5 Rd8 32. Qf3 Qd7 33. Rd1 Qd4+ 34. Qf2 Qd5 35. f6 gxf6 36. exf6 Kg8 37. Re1 Qxd3 38. f7+ Kg7 39.
h3 Qd4 40. Re3 Rd7 41. Rg3+ Kh6 42. Ne3 1-0

[Event "GrandPrix_30.05"]
[Site "Chess.com"]
[Date "2020.05.30"]
[Round "7"]
[White "Spartakus1975"]
[Black "ArnaudovP"]
[Result "0-1"]
[WhiteElo "2419"]
[BlackElo "2317"]
[TimeControl "600+2"]
[EndTime "11:19:27 PDT"]
[Termination "ArnaudovP won by resignation"]

1. e4 c6 2. Nf3 d5 3. Nc3 dxe4 4. Nxe4 Nf6 5. Qe2 Nxe4 6. Qxe4 Nd7 7. Bc4 Nf6 8. Ne5 e6 9. Qh4 Bd6 10. d4 Bxe5 11.
dxe5 Qa5+ 12. c3 Qxe5+ 13. Be3 Qh5 14. Qg3 O-O 15. Be2 Qg6 16. Qd6 Nd5 17. Bd4 Re8 18.
O-O e5 19. Bc5 Be6 20. Rfe1 f6 21. Ba3 Rad8 22. Qc5 Nf4 23. Bf1 Bd5 24. g3 Qf5 25. Qe3 Nh3+ 26. Bxh3 Qxh3 27. f3 b6 28. b3 c5 29. Rad1 Bb7 30. b4 cxb4 31. Bxb4 Qf5 32.
Kf2 a5 33. Ba3 Qc2+ 34. Qe2 Qxc3 35. Bb2 Qc5+ 36. Kg2 e4 37. Qf2 exf3+ 38. Kg1 Rxe1+ 39. Rxe1 Qxf2+ 0-1